 Dungeon Crawl Stone Soup version 0.31.0-9-g3a7656b989 (webtiles) character file.

Game seed: 16797792191200577196

12180 qw the Spry (level 11, -6/55 HPs)
             Began as a Spriggan Hunter on Feb 3, 2024.
             Was an Elder of Okawaru.
             Mangled by a cane toad (16 damage)
             ... on level 11 of the Dungeon.
             The game lasted 00:03:17 (10263 turns).

qw the Spry (Spriggan Hunter)                      Turns: 10263, Time: 00:03:17

Health: -6/55      AC:  7    Str:  7    XL:     11   Next: 59%
Magic:  15/15      EV: 36    Int: 12    God:    Okawaru [****..]
Gold:   108        SH:  0    Dex: 28    Spells: 10/10 levels left

rFire   . . .        h - +2 orcbow
rCold   + . .        (shield currently unavailable)
rNeg    . . .        b - +2 robe {rC+}
rPois   .            (helmet restricted)
rElec   .            f - +2 cloak
rCorr   .            (gloves unavailable)
SInv    +            (boots unavailable)
Will    +....        (no amulet)
Stlth   +++          j - +6 ring of dexterity
HPRegen 0.29/turn    g - +4 ring of slaying {mikee}
MPRegen 0.14/turn

%: no passive effects
@: lethally poisoned (-6 -> -23), very quick
A: very small, no large weapons, unfitting armour, see invisible, speed 3
a: Renounce Religion, Heroism, Finesse


You were on level 11 of the Dungeon.
You worshipped Okawaru.
Okawaru was greatly pleased with you.
You visited 3 branches of the dungeon, and saw 13 of its levels.
You also visited: Sewer.

You collected 658 gold pieces.
You spent 550 gold pieces at shops.


Innate Abilities, Weirdness & Mutations

You are very small and have problems with some larger weapons.
You are too small for most types of armour.
You have supernaturally acute eyesight. (SInv)
You cover ground extremely quickly. (Speed+++)


   Skills:
 - Level 5.0 Fighting
 - Level 13.0 Ranged Weapons
 + Level 15.2 Dodging
 - Level 1.5 Stealth
 + Level 4.7 Invocations


You had 10 spell levels left.
You didn't know any spells.
Your spell library was empty.

Inventory:

Hand Weapons
 h - a +2 orcbow (weapon)
Armour
 b - a +2 robe of cold resistance (worn)
 f - a +2 cloak (worn)
Jewellery
 g - a +4 ring of slaying (right hand) {mikee}
 j - a +6 ring of dexterity (left hand)
Wands
 a - a wand of roots (4)
Scrolls
 c - 2 scrolls of enchant armour
 d - 4 scrolls of identify
 e - 3 scrolls of teleportation
Potions
 i - 9 potions of curing
 k - 4 potions of heal wounds
 l - 3 potions of enlightenment

Dungeon Overview and Level Annotations

Branches:
Dungeon (11/15)            Temple (1/1) D:7            Lair (1/5) D:11
    Orc (0/2) D:11          Sewer (visited)

Altars:
Ashenzari
Cheibriados
Dithmenos
Elyvilon
Fedhas
Gozag
Hepliaklqana
Kikubaaqudgha
Makhleb
Nemelex Xobeh
Okawaru
Qazlal
Ru
Sif Muna
Trog
Uskayaw
Vehumet
Wu Jian
Xom
Yredelemnul
Zin
The Shining One

Shops:
D:3 ?   D:5 ?   D:8 [   D:10 *   D:11 [

Annotations:
D:10 1 runed translucent door, qw's ghost, journeyman SpHu
D:11 3 runed translucent doors, qw's ghost, journeyman DEHu


Message History

There is a staircase back to the Dungeon, spattered with blood here.
Things that are here:
a yak skeleton; a wolf skeleton; a wolf skeleton
There are monsters nearby!
10256 ||| STAIRDANCE The cane toad stings you!
You are poisoned.
The cane toad poisons you! The yak gores you but does no damage.
You climb upwards.
Welcome back to the Dungeon!
Level annotation: 3 runed translucent doors, qw's ghost, journeyman DEHu You feel extremely sick.
There is a staircase to the Lair, spattered with blood here.
You shoot an arrow. The arrow hits the yak!!
The yak is heavily wounded.
You feel very sick. The cane toad completely misses you.
You shoot an arrow. The arrow hits the yak.
The yak is heavily wounded.
You feel very sick. The cane toad completely misses you.
The yak completely misses you.
You shoot an arrow. The arrow hits the yak!
The yak is severely wounded.
You feel very sick. The cane toad completely misses you.
The yak completely misses you. The cane toad stings you!
You are lethally poisoned!
The cane toad poisons you!
You shoot an arrow. The arrow hits the yak!
You kill the yak!
Okawaru accepts your kill.
You feel very sick. The cane toad completely misses you.
You shoot an arrow. The arrow closely misses the cane toad.
You feel very sick. The cane toad completely misses you.
You shoot an arrow. The arrow hits the cane toad!
The cane toad is heavily wounded.
You feel very sick. The cane toad stings you!
You die...

# #......#....##.# #.# # #
#...#######....# #%# #
####......#.###...## #.# #
......#.#.#.##.....## #.# #
........[[#.#.......# #.# #
.######.#...#(....P.## #.# #
.# #.##.#.........# #.# # .#
#.##.#...F.%...### #.# # .#
####.##.....%@......###.### #
.#
#....####....%%...#.......####
.# #....#
#.........######...... .#
#...## ##....P..## #..#### .#
##.## #....P..# #..# .# #.#
##.....## #..# ## #.# ##...##
#..# #.# ##.## #..# #.# #..#
#..#


You could see a cane toad.

Vanquished Creatures
  A two-headed ogre (D:10)
  An elephant (D:11)
  A komodo dragon (D:11)
  An unseen horror (D:11)
  A hornet (D:8)
  Grinder (D:4)
  Sigmund (D:5)
  A wraith (D:11)
  2 wyverns
  28 yaks
  A shadow (D:10)
  2 basilisks (D:11)
  Duvessa (D:7)
  2 water moccasins
  2 orc warriors
  2 ice beasts
  2 sky beasts
  4 ogres
  6 centaurs
  3 wolves (Lair:1)
  A phantom (D:5)
  A gnoll sergeant (D:5)
  Blork the orc (D:5)
  6 bullfrogs
  7 scorpions
  8 wights (D:7)
  Dowan (D:7)
  6 killer bees
  3 bombardier beetles
  3 howler monkeys
  A hound (D:7)
  2 jellies
  7 orc priests
  A gnoll bouda (D:7)
  3 iguanas
  A sleepcap (D:6)
  20 orc wizards
  16 gnolls
  10 adders
  A shadow imp (D:5)
  2 ufetubi (D:6)
  11 dart slugs
  A ribbon worm (D:3)
  52 orcs
  5 bats
  10 endoplasms
  8 giant cockroaches
  4 goblins
  7 hobgoblins
  5 jackals
  10 kobolds
  4 quokkas
  17 ball pythons
  8 frilled lizards
  7 rats
313 creatures vanquished.

Notes
Turn   | Place    | Note
-------+----------+-------------------------------------------
     0 | D:1      | qw the Spriggan Hunter began the quest for the Orb.
     0 | D:1      | Reached XP level 1. HP: 10/10 MP: 2/2
     0 | D:1      | 0 ||| qw: Version: 0.3-a-155-g5e7d8dd
     0 | D:1      | 0 ||| qw: Game counter: 2982
     0 | D:1      | 0 ||| qw: Melee chars always use a shield: true
     0 | D:1      | 0 ||| qw: God list: Okawaru
     0 | D:1      | 0 ||| qw: Allow faded altars: false
     0 | D:1      | 0 ||| qw: Do Orc after clearing Dungeon:15 true
     0 | D:1      | 0 ||| qw: Do second Lair branch before Depths: true
     0 | D:1      | 0 ||| qw: Lair rune preference: random
     0 | D:1      | 0 ||| qw: Goals: Normal
     0 | D:1      | 0 ||| PLANNING D:1-11
    34 | D:1      | Reached skill level 3 in Dodging
   123 | D:1      | Reached XP level 2. HP: 13/14 MP: 3/3
   152 | D:1      | Reached skill level 4 in Dodging
   578 | D:1      | Reached XP level 3. HP: 18/18 MP: 4/4
   963 | D:1      | 963 ||| UPGRADING to +6 ring of dexterity.
   964 | D:1      | 964 ||| READING 2 scrolls labelled QALUVYSUVU.
   964 | D:1      | 964 ||| ENCHANTING +0 shortbow.
   965 | D:1      | 965 ||| READING scroll of enchant weapon.
   965 | D:1      | 965 ||| ENCHANTING +1 shortbow.
   966 | D:1      | 966 ||| READING 3 scrolls labelled LITHISAIRYT.
   971 | D:1      | 971 ||| READING scroll labelled YPRAJERINI.
   972 | D:1      | 972 ||| READING scroll labelled XUNIMAEMAP.
   972 | D:1      | 972 ||| BRANDING +2 shortbow.
   973 | D:1      | 973 ||| READING scroll labelled ESIPESUFET.
   974 | D:1      | 974 ||| DROPPING scroll of butterflies.
  1339 | D:2      | Identified the +1 dagger "Oneomieran" {flame, Will+ Int+4
                  | Dex-5}
  1384 | D:2      | Reached skill level 5 in Dodging
  1384 | D:2      | Reached XP level 4. HP: 22/22 MP: 5/5
  1562 | D:2      | 1562 ||| DROPPING ring of flight.
  1563 | D:2      | 1563 ||| READING 2 scrolls labelled CILEAH UFUN.
  1564 | D:2      | 1564 ||| READING scroll labelled MEBIUMNIEX.
  1564 | D:2      | 1564 ||| IDENTIFYING golden potion
  1565 | D:2      | 1565 ||| READING scroll labelled BATUWN MAYCU.
  1566 | D:2      | 1566 ||| READING scroll labelled VEILOPN UXKU.
  1667 | D:2      | 1667 ||| DRINKING 2 pink potions.
  1668 | D:2      | 1668 ||| DROPPING scroll of noise.
  1669 | D:2      | 1669 ||| DROPPING potion of degeneration.
  1810 | D:3      | 1810 ||| READING scroll of enchant weapon.
  1810 | D:3      | 1810 ||| ENCHANTING +2 shortbow of flaming.
  1827 | D:3      | Found Umpuz's Magic Scroll Emporium.
  1834 | D:3      | 1834 ||| BUYING 3 scrolls of identify (84 gold).
  1834 | D:3      | Bought 3 scrolls of identify for 84 gold pieces
  1834 | D:3      | 1834 ||| SHOPLISTING scroll of acquirement (728 gold, have
                  | 30).
  1834 | D:3      | 1834 ||| BUYING scroll of identify (28 gold).
  1834 | D:3      | Bought a scroll of identify for 28 gold pieces
  1834 | D:3      | 1834 ||| SHOPLISTING scroll of identify (28 gold, have 2).
  1834 | D:3      | 1834 ||| SHOPLISTING scroll of teleportation (42 gold, have
                  | 2).
  2159 | D:3      | 2159 ||| READING 5 scrolls of identify.
  2159 | D:3      | 2159 ||| IDENTIFYING fuming grey potion
  2160 | D:3      | 2160 ||| READING 4 scrolls of identify.
  2160 | D:3      | 2160 ||| IDENTIFYING bubbling brown potion
  2161 | D:3      | 2161 ||| READING 3 scrolls of identify.
  2161 | D:3      | 2161 ||| IDENTIFYING yellow potion
  2162 | D:3      | 2162 ||| READING 2 scrolls of identify.
  2162 | D:3      | 2162 ||| IDENTIFYING scroll labelled UTUGOOBLEU
  2163 | D:3      | 2163 ||| DROPPING potion of attraction.
  2164 | D:3      | 2164 ||| DROPPING potion of invisibility.
  2214 | D:4      | Reached XP level 5. HP: 25/25 MP: 6/6
  2215 | D:4      | Found a blossoming altar of Fedhas.
  2274 | D:4      | Reached skill level 6 in Dodging
  2355 | D:4      | 2355 ||| FLEEEEING.
  2356 | D:4      | 2356 ||| FLEEEEING.
  2357 | D:4      | 2357 ||| FLEEEEING.
  2358 | D:4      | 2358 ||| FLEEEEING.
  2359 | D:4      | 2359 ||| FLEEEEING.
  2360 | D:4      | 2360 ||| FLEEEEING.
  2361 | D:4      | 2361 ||| FLEEEEING.
  2364 | D:4      | 2364 ||| FLEEEEING.
  2365 | D:4      | 2365 ||| FLEEEEING.
  2366 | D:4      | 2366 ||| FLEEEEING.
  2367 | D:4      | 2367 ||| FLEEEEING.
  2538 | D:4      | Reached XP level 6. HP: 30/30 MP: 7/7
  2611 | D:4      | Reached skill level 6 in Ranged Weapons
  2741 | D:4      | Noticed Grinder
  2748 | D:4      | Killed Grinder
  2749 | D:4      | Reached skill level 8 in Dodging
  2749 | D:4      | Reached XP level 7. HP: 35/35 MP: 8/8
  2949 | D:4      | 2949 ||| UPGRADING to +4 ring of slaying {mikee}.
  2950 | D:4      | 2950 ||| READING 4 scrolls of identify.
  2950 | D:4      | 2950 ||| IDENTIFYING 2 red potions
  2951 | D:4      | 2951 ||| DROPPING 2 potions of brilliance.
  3003 | D:5      | Entered Level 5 of the Dungeon
  3004 | D:5      | 3004 ||| PLANNING SEWER
  3014 | D:5      | 3014 ||| STAIRDANCE
  3156 | D:5      | Found a glowing drain.
  3157 | D:5      | 3157 ||| UPGRADING to +0 cloak.
  3162 | D:5      | 3162 ||| READING scroll of enchant armour.
  3162 | D:5      | 3162 ||| ENCHANTING +0 cloak.
  3163 | D:5      | Noticed Sigmund
  3166 | D:5      | 3166 ||| DRINKING 2 potions of curing.
  3166 | D:5      | 3166 ||| (to cure confusion)
  3167 | D:5      | 3167 ||| FLEEEEING.
  3168 | D:5      | 3168 ||| FLEEEEING.
  3169 | D:5      | 3169 ||| FLEEEEING.
  3170 | D:5      | 3170 ||| FLEEEEING.
  3174 | D:5      | Killed Sigmund
  3175 | D:5      | Reached skill level 9 in Dodging
  3207 | Sewer    | Entered a sewer
  3235 | Sewer    | Reached XP level 8. HP: 39/39 MP: 9/9
  3412 | Sewer    | 3412 ||| READING scroll of brand weapon.
  3412 | Sewer    | 3412 ||| BRANDING +3 shortbow of flaming.
  3417 | Sewer    | 3417 ||| READING scroll of enchant armour.
  3417 | Sewer    | 3417 ||| ENCHANTING +1 cloak.
  3420 | Sewer    | Identified the +1 leather armour of the Stars {rPois rC+
                  | Int+2}
  3624 | D:5      | 3624 ||| PLANNING D:1-11
  3705 | D:5      | Reached skill level 3 in Fighting
  3718 | D:5      | 3718 ||| SWAPPING to +0 orcbow.
  3722 | D:5      | 3722 ||| DROPPING +3 shortbow of draining.
  3942 | D:5      | Noticed Blork the orc
  3950 | D:5      | Killed Blork the orc
  4012 | D:5      | Found Doaplos's Magic Scroll Emporium.
  4021 | D:5      | 4021 ||| BUYING scroll of enchant weapon (97 gold).
  4021 | D:5      | Bought a scroll of enchant weapon for 97 gold pieces
  4021 | D:5      | 4021 ||| BUYING scroll of identify (26 gold).
  4021 | D:5      | Bought a scroll of identify for 26 gold pieces
  4021 | D:5      | 4021 ||| BUYING scroll of identify (26 gold).
  4021 | D:5      | Bought a scroll of identify for 26 gold pieces
  4021 | D:5      | 4021 ||| BUYING scroll of identify (26 gold).
  4021 | D:5      | Bought a scroll of identify for 26 gold pieces
  4021 | D:5      | 4021 ||| BUYING scroll of teleportation (39 gold).
  4021 | D:5      | Bought a scroll of teleportation for 39 gold pieces
  4021 | D:5      | 4021 ||| READING scroll of enchant weapon.
  4021 | D:5      | 4021 ||| ENCHANTING +0 orcbow.
  4132 | D:5      | 4132 ||| UPGRADING to +2 robe of cold resistance.
  4142 | D:5      | 4142 ||| DROPPING +0 robe.
  4168 | D:6      | 4168 ||| STAIRDANCE
  4172 | D:6      | 4172 ||| STAIRDANCE
  4183 | D:5      | Reached skill level 9 in Ranged Weapons
  4212 | D:6      | 4212 ||| STAIRDANCE
  4227 | D:6      | Reached skill level 10 in Dodging
  4265 | D:6      | 4265 ||| FLEEEEING.
  4266 | D:6      | 4266 ||| FLEEEEING.
  4267 | D:6      | 4267 ||| FLEEEEING.
  4269 | D:6      | 4269 ||| FLEEEEING.
  4272 | D:6      | 4272 ||| FLEEEEING.
  4273 | D:6      | 4273 ||| FLEEEEING.
  4274 | D:6      | 4274 ||| FLEEEEING.
  4275 | D:6      | 4275 ||| STAIRDANCE
  4387 | D:6      | Reached XP level 9. HP: 44/44 MP: 10/10
  4461 | D:6      | Found a hazy altar of Hepliaklqana.
  4546 | D:6      | Found a broken altar of Ashenzari.
  4552 | D:6      | Reached skill level 11 in Dodging
  4645 | D:6      | Found an ornate altar of the Wu Jian Council.
  4732 | D:6      | 4732 ||| READING 9 scrolls of identify.
  4732 | D:6      | 4732 ||| IDENTIFYING fuming inky potion
  4892 | D:7      | Noticed Dowan
  4893 | D:7      | Noticed Duvessa
  4895 | D:7      | 4895 ||| RETREEEEATING.
  4896 | D:7      | 4896 ||| RETREEEEATING.
  4903 | D:7      | 4903 ||| FLEEEEING.
  4904 | D:7      | 4904 ||| FLEEEEING.
  4905 | D:7      | 4905 ||| FLEEEEING.
  4906 | D:7      | 4906 ||| FLEEEEING.
  4907 | D:7      | 4907 ||| FLEEEEING.
  4908 | D:7      | 4908 ||| FLEEEEING.
  4909 | D:7      | 4909 ||| FLEEEEING.
  4910 | D:7      | 4910 ||| FLEEEEING.
  4911 | D:7      | 4911 ||| FLEEEEING.
  4915 | D:7      | 4915 ||| FLEEEEING.
  4916 | D:7      | 4916 ||| FLEEEEING.
  4917 | D:7      | 4917 ||| FLEEEEING.
  5076 | D:7      | Reached skill level 12 in Dodging
  5386 | D:7      | HP: 11/45 [poisoned by a scorpion]
  5656 | D:7      | Killed Duvessa
  5657 | D:7      | 5657 ||| DRINKING potion of haste.
  5659 | D:7      | Killed Dowan
  5770 | D:7      | Found a staircase to the Ecumenical Temple.
  5771 | D:7      | 5771 ||| PLANNING TEMPLE
  5771 | D:7      | 5771 ||| READING 9 scrolls of identify.
  5771 | D:7      | 5771 ||| IDENTIFYING scroll labelled AKLOUL GEYSONK
  5772 | D:7      | 5772 ||| DROPPING scroll of fear.
  5781 | Temple   | Entered the Ecumenical Temple
  5782 | Temple   | 5782 ||| PLANNING OKAWARU WORSHIP
  5794 | Temple   | Became a worshipper of Warmaster Okawaru
  5795 | Temple   | 5795 ||| PLANNING D:1-11
  5898 | D:7      | 5898 ||| FLEEEEING.
  5899 | D:7      | 5899 ||| FLEEEEING.
  6274 | D:7      | 6274 ||| READING 8 scrolls of identify.
  6274 | D:7      | 6274 ||| IDENTIFYING 2 ruby potions
  6275 | D:7      | 6275 ||| DROPPING 2 potions of lignification.
  6296 | D:8      | Found Ykhlaedd's Antique Armour Shop.
  6297 | D:8      | 6297 ||| RETREEEEATING.
  6298 | D:8      | 6298 ||| RETREEEEATING.
  6437 | D:8      | Reached XP level 10. HP: 49/49 MP: 11/11
  6492 | D:8      | 6492 ||| READING scroll of enchant weapon.
  6492 | D:8      | 6492 ||| ENCHANTING +1 orcbow.
  6713 | D:8      | Reached * piety under Okawaru
  7178 | D:8      | 7178 ||| DROPPING scarf of harm.
  7179 | D:8      | 7179 ||| READING 7 scrolls of identify.
  7179 | D:8      | 7179 ||| IDENTIFYING scroll labelled VECKIZ JAQAGG
  7180 | D:8      | 7180 ||| DROPPING scroll of immolation.
  7226 | D:9      | 7226 ||| RETREEEEATING.
  7230 | D:9      | 7230 ||| DRINKING 3 potions of curing.
  7230 | D:9      | 7230 ||| (to cure poison)
  7348 | D:9      | Reached skill level 1 in Invocations
  7357 | D:9      | HP: 6/49 [yak (12)]
  7358 | D:9      | 7358 ||| READING 3 scrolls of teleportation.
  7359 | D:9      | 7359 ||| DRINKING 5 potions of heal wounds.
  7481 | D:9      | Reached skill level 13 in Dodging
  7556 | D:9      | 7556 ||| RETREEEEATING.
  7566 | D:9      | Reached skill level 3 in Invocations
  7569 | D:9      | Reached ** piety under Okawaru
  7812 | D:9      | Found an opulent altar of Gozag.
  8348 | D:9      | 8348 ||| READING 6 scrolls of identify.
  8348 | D:9      | 8348 ||| IDENTIFYING fuming dark potion
  8349 | D:9      | 8349 ||| READING 5 scrolls of identify.
  8349 | D:9      | 8349 ||| IDENTIFYING 2 gluggy clear potions
  8350 | D:9      | 8350 ||| DROPPING 2 potions of ambrosia.
  8364 | D:10     | Entered Level 10 of the Dungeon
  8436 | D:10     | Noticed a two-headed ogre
  8437 | D:10     | 8437 ||| INVOKING Heroism.
  8444 | D:10     | Killed a two-headed ogre
  8445 | D:10     | Reached skill level 12 in Ranged Weapons
  8489 | D:10     | Found a glowing golden altar of the Shining One.
  8534 | D:10     | Found a sacrificial altar of Ru.
  8570 | D:10     | Found a runed translucent door.
  8570 | D:10     | Noticed qw's ghost (journeyman SpHu)
  8696 | D:10     | Found a radiant altar of Vehumet.
  8707 | D:10     | Found Sogog's General Store.
  8715 | D:10     | 8715 ||| BUYING potion of curing (42 gold).
  8715 | D:10     | Bought a potion of curing for 42 gold pieces
  8715 | D:10     | 8715 ||| BUYING potion of curing (42 gold).
  8715 | D:10     | Bought a potion of curing for 42 gold pieces
  8715 | D:10     | 8715 ||| BUYING potion of enlightenment (70 gold).
  8715 | D:10     | Bought a potion of enlightenment for 70 gold pieces
  8715 | D:10     | 8715 ||| BUYING potion of enlightenment (70 gold).
  8715 | D:10     | Bought a potion of enlightenment for 70 gold pieces
  8786 | D:10     | 8786 ||| DROPPING ring of positive energy.
  8826 | D:11     | Found a staircase to the Orcish Mines.
  8882 | D:11     | Noticed an elephant
  8887 | D:11     | 8887 ||| RETREEEEATING.
  8890 | D:11     | 8890 ||| RETREEEEATING.
  8910 | D:11     | 8910 ||| INVOKING Heroism.
  8917 | D:11     | Killed an elephant
  8949 | D:11     | Found a staircase to the Lair.
  8955 | D:11     | Reached skill level 14 in Dodging
  9011 | D:11     | Reached XP level 11. HP: 53/53 MP: 15/15
  9111 | D:11     | Reached *** piety under Okawaru
  9333 | D:11     | Found Aqecej's Antique Armour Boutique.
  9358 | D:11     | Found a runed translucent gate.
  9363 | D:11     | Found a runed translucent gate.
  9363 | D:11     | Found a runed translucent gate.
  9369 | D:11     | Noticed an 11-headed hydra
  9369 | D:11     | Noticed qw's ghost (journeyman DEHu)
  9777 | D:11     | 9777 ||| PLANNING LAIR
  9800 | Lair:1   | Entered Level 1 of the Lair of Beasts
  9801 | Lair:1   | 9801 ||| RETREEEEATING.
  9817 | Lair:1   | 9817 ||| INVOKING Heroism.
  9844 | Lair:1   | Reached **** piety under Okawaru
  9845 | Lair:1   | 9845 ||| INVOKING Finesse.
  9853 | Lair:1   | 9853 ||| RETREEEEATING.
  9854 | Lair:1   | 9854 ||| STAIRDANCE
 10013 | Lair:1   | 10013 ||| STAIRDANCE
 10023 | D:11     | Reached skill level 15 in Dodging
 10106 | Lair:1   | 10106 ||| STAIRDANCE
 10256 | Lair:1   | 10256 ||| STAIRDANCE
 10263 | D:11     | HP: 10/55 [poisoned by a cane toad]
 10263 | D:11     | Mangled by a cane toad

Levels and vault maps discovered:
D:1:      dpeg_arrival_simpleton_c, layout_basic
D:2:      layout_loops_cross
D:3:      layout_rooms, serial_shops, shop, kennysheep_generic_room_5
D:4:      layout_basic, mainiacjoe_overflow_six_doors_small, serial_aquarium,
          aquarium_bridge_straight [aquarium_subvault_bridge,
          aquarium_subvault_window, aquarium_subvault_bridge,
          aquarium_subvault_wall], aquarium_window_1, aquarium_window_2,
          aquarium_window_corridor_3, aquarium_window_1, aquarium_view_2b,
          aquarium_view_4, aquarium_pool_2, kennysheep_small_circle,
          uniq_grinder
D:5:      layout_loops_ring, serial_shops, shop, cheibrodos_sewer_entry_sluice,
          kennysheep_diamond, uniq_sigmund, uniq_blork_the_orc
D:6:      layout_layer_cave, nzn_hepliaklqana_mist_gate,
          evilmike_ruin_ashenzari, mainiacjoe_overflow_chevrons, serial_glass,
          glass_columns_a, glass_columns_b, glass_columns_b, glass_columns_a,
          nrook_uturn
D:7:      layout_layer_cave, minmay_temple_entry_antechambers, uniq_duvessa
D:8:      layout_cave_pods, serial_shops, nicolae_stop_n_shop_2, minivault_27
D:9:      layout_loops_corners, mainiacjoe_overflow_cross_hatched
D:10:     layout_rooms, nicolae_tso_swordbearing_angel,
          nicolae_ru_great_annihilating_truth, lemuel_round_altar,
          hellmonk_ghost_happy_afterlife, serial_shops,
          nicolae_shop_just_a_little_nook
D:11:     layout_loops_ring, david_lair_generic, minmay_orc_entry_temple_small,
          serial_shops, nicolae_shop_back_alley_shop, gammafunk_ghost_hydra_chop
Temple:   nicolae_temple_bog_church
Lair:1:   layout_loops_ring, serial_bayou_shore_a

Skill      XL: |  1  2  3  4  5  6  7  8  9 10 11 |
---------------+----------------------------------+-----
Dodging        | 3 4 5 6 8 9 10 12 14 15 | 15.2
Ranged Weapons | 5 6 7 9 11 12 13 | 13.0
Fighting       | 2 3 4 5 |  5.0
Invocations    | 4 |  4.7
Stealth        | |  1.5

Action                     |  1- 3 |  4- 6 |  7- 9 | 10-12 || total
---------------------------+-------+-------+-------+-------++-------
   Fire: Shortbow          |    90 |    86 |   100 |       ||   276
         Orcbow            |       |       |   220 |   372 ||   592
 Invoke: Heroism           |       |       |       |     3 ||     3
         Finesse           |       |       |       |     1 ||     1
    Use: Scroll            |     6 |     9 |     8 |     5 ||    28
         Potion            |       |     1 |     2 |     2 ||     5
 Armour: Robe              |     6 |     4 |    30 |    48 ||    88
  Dodge: Dodged            |    28 |    19 |   105 |   201 ||   353

Table legend:
 A = Non-vault XP
 B = Vault XP
 C = Vault XP percentage of total XP
 D = Non-vault monster count
 E = Vault monster count
 F = Vault count percentage of total count
                 A         B        C        D         E       F
            +---------+---------+-------+---------+---------+-------
      Total |   14855 |    2546 |  14.6 |     248 |      65 |  20.8
            +---------+---------+-------+---------+---------+-------
        D:1 |      50 |       0 |   0.0 |      28 |       0 |   0.0
        D:2 |      49 |       0 |   0.0 |      18 |       0 |   0.0
        D:3 |      25 |       4 |  13.8 |      11 |       2 |  15.4
        D:4 |     456 |     286 |  38.5 |      27 |       1 |   3.6
        D:5 |     903 |     438 |  32.7 |      18 |       6 |  25.0
        D:6 |     851 |       0 |   0.0 |      22 |       0 |   0.0
        D:7 |    1662 |     214 |  11.4 |      31 |       2 |   6.1
        D:8 |     791 |       0 |   0.0 |      14 |       0 |   0.0
        D:9 |    2359 |       0 |   0.0 |      27 |       0 |   0.0
       D:10 |    1291 |      41 |   3.1 |       8 |       4 |  33.3
       D:11 |    4444 |    1256 |  22.0 |      33 |      17 |  34.0
     Lair:1 |    1974 |       0 |   0.0 |      11 |       0 |   0.0
      Sewer |       0 |     307 | 100.0 |       0 |      33 | 100.0
            +---------+---------+-------+---------+---------+-------
